 Dungeon Crawl Stone Soup version 0.26-b1-32-g5d43845318 (webtiles) character file.

Game seed: 11427179391756691356

200 jmlagarto the Chiller (level 5, 0/28 HPs)
             Began as a Deep Elf Ice Elementalist on Jan 10, 2021.
             Succumbed to MajorAdolf's ghost's poison
             ... on level 3 of the Dungeon.
             The game lasted 00:18:00 (3504 turns).

jmlagarto the Chiller (Deep Elf Ice Elementalist)   Turns: 3504, Time: 00:18:00

Health: 0/28       AC:  3    Str:  5    XL:     5   Next: 48%
Magic:  2/14       EV: 13    Int: 21    God:
Gold:   232        SH:  0    Dex: 15    Spells: 6/13 levels left

rFire    . . .     SeeInvis .   v - +1 mace (venom)
rCold    . . .     Faith    .   (no shield)
rNeg     . . .     Spirit   .   a - +0 robe
rPois    .         Reflect  .   (no helmet)
rElec    .         Harm     .   (no cloak)
rCorr    .         Rampage  .   (no gloves)
Will     .....                  f - +0 pair of boots
Stlth    ++........             (no amulet)
HPRegen  0.09/turn              (no ring)
MPRegen  0.14/turn              (no ring)

@: lethally poisoned (0 -> -17), berserk cooldown, slowed, very slow
A: no striking features
a: no special abilities


You were on level 3 of the Dungeon.
You visited 1 branch of the dungeon, and saw 3 of its levels.

You collected 232 gold pieces.

Inventory:

Hand Weapons
 q - a +0 hunting sling
 v - a +1 mace of venom (weapon)
Missiles
 b - 160 stones
 e - a throwing net (quivered)
 g - 8 poisoned darts
Armour
 a - a +0 robe (worn)
 f - a +0 pair of boots (worn)
Jewellery
 l - an uncursed ring of ice {unknown}
 n - a +4 ring of evasion {unknown}
Scrolls
 c - a scroll of fog {unknown}
 o - a scroll of blinking {unknown}
 s - 3 scrolls of teleportation
 t - a scroll of enchant armour {unknown}
 u - a scroll of fear {unknown}
Potions
 i - 2 potions of haste {unknown}
 j - a potion of degeneration {unknown}
 k - a potion of flight {unknown}
 m - a potion of lignification {unknown}
 p - a potion of invisibility {unknown}


   Skills:
 + Level 0.5 Fighting
 + Level 0.1 Axes
 + Level 2.9 Dodging
 + Level 2.9 Stealth
 + Level 4.8 Spellcasting
 + Level 6.2 Ice Magic


You had 6 spell levels left.
You knew the following spells:

 Your Spells              Type           Power        Failure   Level
a - Freeze                Ice            100%         1%          1
b - Ozocubu's Armour      Ice            31%          2%          3
c - Frozen Ramparts       Ice            62%          2%          3

Your spell library contained the following spells:

 Spells                   Type           Power        Failure   Level
 Hailstorm                Conj/Ice       18%          30%         4
 Summon Ice Beast         Ice/Summ       18%          30%         4


Dungeon Overview and Level Annotations

Branches:
Dungeon (3/15)

Altars:
Hepliaklqana
Qazlal
Xom

Annotations:
D:3 MajorAdolf's ghost, amateur NaWn


Message History

Aiming: Freeze (safe; 1% risk of failure)
Press: ? - help, Shift-Dir - straight line, f/p - MajorAdolf's ghost
Aim: MajorAdolf's ghost, wielding a weapon of venom (moderately damaged)
You freeze MajorAdolf's ghost!
MajorAdolf's ghost is heavily damaged.
MajorAdolf's ghost hits you.
You are lethally poisoned!
MajorAdolf's ghost misses you.
Your icy armour will break if you move.
Continue?
Your icy armour cracks and falls away as you move.
* * * LOW HITPOINT WARNING * * *
You feel sick.
* * * LOW HITPOINT WARNING * * *
You feel sick. MajorAdolf's ghost hits you.
* * * LOW HITPOINT WARNING * * *
You are more poisoned.
You feel better. MajorAdolf's ghost hits you.
* * * LOW HITPOINT WARNING * * *
You are lethally poisoned!
You die...

##..............#.##.....#.######
.#..............#.######.#.......
.#...........####.....##.#######.
....##...##### #####.##.....###.
.#####...# ##...........#... .#
#...# ######..#########.#.## .#
#...# #...##..#.......#.#.# .#
##...###...###.#...$?..#.#.# .#
#.....##....@..#..#.#..#...# .#
#.....##...##W.#.#...#.#.### .#
#.....##...##..#..#.#..#...# .#
#.....##...##..#.......#.#># .#
#.....#....##..#.......#...# .#
#.....#....###.###'†'###..## .#
#..........# #.....)......# .##
#.....##...# ####...#####<#
..###.....##...# #.........#


You could see MajorAdolf's ghost.

Vanquished Creatures
  Jessica (D:2)
  An iguana (D:3)
  5 adders
  2 worms
  4 dart slugs
  2 leopard geckos
  5 orcs (D:3)
  A ball python (D:1)
  4 giant cockroaches
  5 goblins
  13 hobgoblins
  4 jackals (D:2)
  A quokka (D:2)
  10 bats
  5 frilled lizards
  9 kobolds
  9 rats
81 creatures vanquished.

Notes
Turn   | Place    | Note
-------+----------+-------------------------------------------
     0 | D:1      | jmlagarto the Deep Elf Ice Elementalist began the quest for
                  | the Orb.
     0 | D:1      | Reached XP level 1. HP: 10/10 MP: 6/6
   183 | D:1      | Reached XP level 2. HP: 15/15 MP: 5/8
   619 | D:1      | Reached skill level 5 in Ice Magic
   733 | D:1      | Reached XP level 3. HP: 19/19 MP: 8/10
  1443 | D:2      | Learned a level 3 spell: Ozocubu's Armour
  1468 | D:2      | Noticed Jessica
  1480 | D:2      | Killed Jessica
  1481 | D:2      | Reached XP level 4. HP: 19/24 MP: 7/12
  2444 | D:3      | Found a runed translucent gate.
  2444 | D:3      | Found a runed translucent gate.
  2444 | D:3      | Found a runed translucent gate.
  2450 | D:3      | Noticed MajorAdolf's ghost (amateur NaWn)
  2481 | D:3      | Reached XP level 5. HP: 28/28 MP: 11/14
  2485 | D:3      | Learned a level 3 spell: Frozen Ramparts
  2551 | D:3      | Found a stormy altar of Qazlal.
  2702 | D:3      | Found a shimmering altar of Xom.
  2880 | D:3      | Reached skill level 6 in Ice Magic
  3129 | D:3      | Found a hazy altar of Hepliaklqana.
  3496 | D:3      | HP: 1/28 [poisoned by MajorAdolf's ghost]
  3504 | D:3      | Succumbed to MajorAdolf's ghost's poison

Illustrated notes

Levels and vault maps discovered:
D:1:      lemuel_arrival_hallway, layout_loops_ring, st_stairs_13
D:2:      minmay_diamond_boxcup, layout_rooms, amethyst_killhole, uniq_jessica
D:3:      layout_basic, nicolae_overflow_crystal_walls, marbit_many_paths,
          gammafunk_ghost_split, tgw_xom

Skill      XL: |  1  2  3  4  5 |
---------------+----------------+-----
Ice Magic      | 5 6 |  6.2
Spellcasting   | 4 |  4.8
Fighting       | |  0.5
Axes           | |  0.1
Dodging        | |  2.9
Stealth        | |  2.9

Action                   |  1- 3 |  4- 6 || total
-------------------------+-------+-------++-------
Melee: Hand axe          |     7 |     3 ||    10
       Mace              |       |     2 ||     2
 Cast: Freeze            |    62 |    69 ||   131
       Ozocubu's Armour  |     1 |     5 ||     6
  Use: Potion            |       |     4 ||     4
       Scroll            |       |     3 ||     3
 Stab: Sleeping          |     2 |     1 ||     3
Armor: Robe              |     7 |    18 ||    25
Dodge: Dodged            |    34 |    40 ||    74
